 Dungeon Crawl Stone Soup version 0.30-a0-824-g6c64550be9 (webtiles) character file.

Game seed: 1662259871597764821

22361 arthad the Geomancer (level 12, -36/70 HPs)
             Began as a Gargoyle Earth Elementalist on Feb 27, 2023.
             Was an Initiate of Gozag.
             Annihilated by a very large slime creature (41 damage)
             ... on level 12 of the Dungeon.
             The game lasted 00:40:20 (15279 turns).

arthad the Geomancer (Gargoyle Earth Elementalist) Turns: 15279, Time: 00:40:21

Health: -36/70     AC: 19    Str: 14    XL:     12   Next: 99%
Magic:  20/33      EV: 13    Int: 21    God:    Gozag
Gold:   1421       SH:  0    Dex: 10    Spells: 12/27 levels left

rFire   . . .      SeeInvis +    A - staff of earth
rCold   . . .      Faith    +    (no shield)
rNeg    + . .      Spirit   .    D - +1 steam dragon scales
rPois   ∞          Reflect  .    l - +0 hat
rElec   +          Harm     .    d - scarf {shadows}
rCorr   .          Rampage  .    (no gloves)
Will    +....                    B - +2 pair of boots of Kahyok {rElec Will+}
Stlth   +++                      S - amulet "Ivvunug" {Faith Int+2}
HPRegen 0.31/turn                W - ring of magical power
MPRegen 0.23/turn                Q - ring of see invisible

@: gold aura
A: sickness immunity, AC +8, negative energy resistance 1, electricity
resistance, torment resistance 1, petrification resistance
a: Renounce Religion, Potion Petition, Call Merchant, Bribe Branch


You were on level 12 of the Dungeon.
You worshipped Gozag.
Gozag was most pleased with you.
You visited 2 branches of the dungeon, and saw 13 of its levels.

You collected 1806 gold pieces.
You spent 209 gold pieces at shops.
You paid 176 gold pieces to Gozag.

Inventory:

Hand Weapons
 r - the +2 short sword "Xeff" {flame, +Blink rF- rN+++}
   (You found it on level 3 of the Dungeon)

   rF:        It makes you vulnerable to fire.
   rN:        It renders you almost immune to negative energy.
   +Blink:    It lets you blink.
 y - a +2 mace of holy wrath
 T - a +0 demon whip of venom
 U - the +3 dagger "Ogudil" {heavy, rN+ MP+9 Str+2}
   (You found it on level 9 of the Dungeon)

   Str:       It affects your strength (+2).
   rN:        It protects you from negative energy.
   MP:        It affects your magic capacity (+9).
Missiles
 I - 4 curare-tipped darts
 N - 36 poisoned darts
Armour
 d - a scarf of shadows (worn)
 l - a +0 hat (worn)
 B - the +2 pair of boots of Kahyok (worn) {rElec Will+}
   (You bought it in a shop on level 3 of the Dungeon)

   rElec:     It insulates you from electricity.
   Will:      It increases your willpower.
 D - +1 steam dragon scales (worn)
 E - +0 swamp dragon scales
 X - a +0 kite shield
Magical Staves
 g - a staff of conjuration
 p - a staff of fire
 z - a staff of cold
 A - a staff of earth (weapon)
 J - a staff of air
Jewellery
 q - a ring of positive energy
 u - an amulet of the acrobat
 x - a ring of positive energy
 M - a ring of protection from fire
 Q - a ring of see invisible (right hand)
 S - the amulet "Ivvunug" (around neck) {Faith Int+2}
   (You found it on level 9 of the Dungeon)

   [amulet of faith]

   It allows you to gain divine favour quickly.
   Int:       It affects your intelligence (+2).
 W - a ring of magical power (left hand)
 Y - a ring of fire
Wands
 a - a wand of mindburst (9)
 n - a wand of acid (8)
 s - a wand of flame (10)
 G - a wand of roots (3)
 O - a wand of polymorph (5)
 V - a wand of paralysis (13)
Scrolls
 c - 3 scrolls of enchant armour
 f - 2 scrolls of fear
 i - a scroll of brand weapon
 j - 4 scrolls of teleportation
 k - 2 scrolls of fog
 o - 2 scrolls of amnesia
 v - a scroll of vulnerability {unknown}
 w - a scroll of summoning
 C - a scroll of poison {unknown}
 F - a scroll of immolation {unknown}
 K - 5 scrolls of identify
 P - 2 scrolls of torment {unknown}
Potions
 b - a potion of magic
 e - 6 potions of curing
 h - a potion of might
 m - 3 potions of flight
 t - 2 potions of brilliance
 H - 2 potions of mutation
 L - a potion of attraction
 R - a potion of lignification
 Z - 2 potions of heal wounds


   Skills:
 + Level 6.2 Fighting
 + Level 5.5 Staves
 + Level 6.2 Armour
 + Level 5.5 Dodging
 - Level 6.0 Stealth
 * Level 8.3 Spellcasting
 * Level 9.3 Conjurations
 + Level 5.2 Transmutations
 * Level 11.4 Earth Magic
 - Level 5.0 Evocations


You had 12 spell levels left.
You knew the following spells:

 Your Spells              Type           Power      Damage    Failure   Level
a - Sandblast             Erth           100%       2d20      1%          1
b - Stone Arrow           Conj/Erth      100%       3d13      1%          3
c - Petrify               Tmut/Erth      60%        N/A       2%          4
d - Blink                 Tloc           16%        N/A       12%         2
e - Irradiate             Conj/Tmut      19%        3d18      11%         5

Your spell library contained the following spells:

 Spells                   Type           Power      Damage    Failure   Level
 Passwall                 Tmut/Erth      50%        N/A       1%          2
 Apportation              Tloc           16%        N/A       8%          1
 Iskenderun's Mystic Bla  Conj/Tloc      28%        2d7       12%         4
 Alistair's Intoxication  Tmut/Pois      12%        N/A       58%         5
 Sublimation of Blood     Necr           Unusable   N/A       N/A         2

Dungeon Overview and Level Annotations

Branches:
Dungeon (12/15)            Temple (1/1) D:7            Lair (0/5) D:9
    Orc (0/2) D:9

Altars:
Ashenzari
Cheibriados
Dithmenos
Elyvilon
Fedhas
Gozag
Hepliaklqana
Kikubaaqudgha
Makhleb
Nemelex Xobeh
Okawaru
Qazlal
Ru
Sif Muna
Trog
Uskayaw
Vehumet
Wu Jian
Xom
Yredelemnul
Zin
The Shining One

Shops:
D:3 [   D:4 (

Annotations:
D:4 1 runed translucent door, Ghostmaker01's ghost, amateur GnHs


Innate Abilities, Weirdness & Mutations

You are immune to sickness and miasma.
Your stone body is resilient. (AC +8)
You are immune to poison.
You resist negative energy. (rN+)
You are resistant to electric shocks. (rElec)
You are resistant to unholy torment.
You are immune to petrification.


Message History

A slime creature comes into view.
The very large slime creature closely misses you.
You feel a surge of power!
The blast of sand hits the very large slime creature!!
The very large slime creature is heavily wounded.
The slime creature quivers.
A very large slime creature splits.
You feel a surge of power!
The blast of sand hits the slime creature!!
The slime creature is almost dead.
Two slime creatures merge to form a very large slime creature.
The slime creature hits you.
Two slime creatures merge to form an enormous slime creature.
You feel a surge of power!
The blast of sand hits the slime creature!
You kill the slime creature!
The enormous slime creature is no longer covered in acid.
Training target 5.0 for Evocations reached!
Your Evocations skill increases to level 5!
You feel a surge of power!
The blast of sand hits the enormous slime creature!
The enormous slime creature is moderately wounded.
An enormous slime creature splits.
Two slime creatures merge to form a very large slime creature.
You feel a surge of power!
The blast of sand hits the large slime creature!
The large slime creature is moderately wounded.
The very large slime creature barely misses you.
The large slime creature closely misses you.
You feel a surge of power!
The blast of sand hits the large slime creature!!
The large slime creature is heavily wounded.
The very large slime creature hits you!!
The large slime creature hits you!!
Ouch! That really hurt!
* * * LOW HITPOINT WARNING * * *
The very large slime creature hits you!!!
Ouch! That really hurt!
You die...
Your body crumbles into a pile of gold.

......# #.#
.###### #.# .#####
#.# .....######.#
............#
.....########
.....#....#
.....#.##.#.######
######.##.#.#..J@#
######.##.#.#.##J#
.......##.#.#.##.#
#########.#.#.##.#
#.#.#.##.#
#.....##.#
#<..####.# ##..#
..# #<.#


You could see a very large slime creature and a large slime creature.

Vanquished Creatures
  Gastronok (D:9)
  Kirke (D:12)
  Erolcha (D:9)
  A boulder beetle (D:12)
  3 two-headed ogres
  Amaemon (D:9)
  An ugly thing (D:11)
  2 manticores
  3 cyclopes
  Maurice (D:8)
  An orange demon (D:9)
  2 gargoyles
  An unseen horror (D:12)
  Maggie (D:6)
  A kobold demonologist (D:11)
  4 trolls
  2 hornets
  Prince Ribbit (D:8)
  Grinder (D:3)
  A slime creature (D:12)
  A wyvern (D:7)
  6 wraiths
  A shadow (D:10)
  15 yaks
  A vampire (D:12)
  8 vampire mosquitoes
  4 steam dragons
  5 orc warriors
  An ice beast (D:8)
  2 sky beasts (D:7)
  5 ogres
  13 centaurs
  3 phantoms
  7 kobold brigands
  4 bullfrogs
  4 gnoll sergeants
  5 necrophages
  A scorpion (D:4)
  8 wights
  9 killer bees
  7 howler monkeys
  7 orc priests
  4 jellies
  A hound (D:6)
  10 orc wizards
  Natasha (D:3)
  6 gnolls (D:4)
  4 adders
  2 shadow imps
  A white imp (D:6)
  An ufetubus (D:4)
  4 worms
  4 dart slugs
  49 orcs
  6 endoplasms
  4 giant cockroaches
  5 goblins
  9 hobgoblins
  3 jackals (D:3)
  2 quokkas
  6 ball pythons
  A bat (D:3)
  A frilled lizard (D:1)
  19 kobolds
  3 rats
293 creatures vanquished.

Vanquished Creatures (collateral kills)
  2 orc priests (D:8)
  An orc wizard (D:8)
  3 orcs (D:8)
6 creatures vanquished.

Vanquished Creatures (others)
  A human (D:12)
  An orc wizard (D:6)
  A quokka (D:11)
  3 plants (D:7)
6 creatures vanquished.

Grand Total: 305 creatures vanquished

Notes
Turn   | Place    | Note
-------+----------+-------------------------------------------
     0 | D:1      | arthad the Gargoyle Earth Elementalist began the quest for
                  | the Orb.
     0 | D:1      | Reached XP level 1. HP: 10/10 MP: 3/3
   247 | D:1      | Reached XP level 2. HP: 15/15 MP: 3/5
   343 | D:1      | Reached skill level 1 in Transmutations
   622 | D:1      | Reached skill level 4 in Earth Magic
   622 | D:1      | Reached XP level 3. HP: 15/19 MP: 1/6
  1157 | D:2      | Learned a level 3 spell: Stone Arrow
  1502 | D:2      | Reached skill level 1 in Conjurations
  1631 | D:2      | Reached XP level 4. HP: 24/24 MP: 3/7
  2338 | D:3      | Noticed Natasha
  2340 | D:3      | Killed Natasha
  2408 | D:3      | Found Uhonkuj's Antique Armour Emporium.
  2879 | D:3      | Identified the +2 short sword "Xeff" {flame, +Blink rF-
                  | rN+++}
  2924 | D:3      | Noticed Grinder
  2943 | D:3      | Killed Grinder
  2944 | D:3      | Reached skill level 5 in Earth Magic
  2944 | D:3      | Reached XP level 5. HP: 20/28 MP: 0/10
  2944 | D:3      | Reached XP level 6. HP: 23/32 MP: 0/11
  3198 | D:4      | Noticed Ghostmaker01's ghost (amateur GnHs)
  3333 | D:4      | Found Tielasm's Antique Weapon Shoppe.
  3374 | D:4      | Identified the +2 leather armour of Geong {rC+}
  3447 | D:4      | Found a runed translucent door.
  3510 | D:4      | Reached XP level 7. HP: 35/36 MP: 5/12
  3663 | D:4      | Reached skill level 1 in Armour
  3778 | D:4      | Reached skill level 1 in Fighting
  4099 | D:5      | Entered Level 5 of the Dungeon
  4114 | D:5      | Reached skill level 1 in Staves
  4188 | D:5      | Reached skill level 6 in Earth Magic
  4188 | D:5      | Reached skill level 1 in Evocations
  4211 | D:5      | Reached XP level 8. HP: 27/43 MP: 2/14
  5140 | D:5      | Found a glowing golden altar of the Shining One.
  5140 | D:5      | Found a white marble altar of Elyvilon.
  5238 | D:3      | Bought a pair of smouldering boots for 209 gold pieces
  5238 | D:3      | Identified the +2 pair of boots of Kahyok {rElec Will+}
                  | (You bought it in a shop on level 3 of the Dungeon)
  5896 | D:6      | Noticed Maggie
  5908 | D:6      | Killed Maggie
  5909 | D:6      | Reached XP level 9. HP: 26/49 MP: 1/16
  6056 | D:6      | Reached skill level 7 in Earth Magic
  6339 | D:6      | Reached skill level 5 in Spellcasting
  6548 | D:7      | Found a staircase to the Ecumenical Temple.
  6574 | D:7      | Reached skill level 5 in Conjurations
  6613 | D:7      | Learned a level 2 spell: Passwall
  7401 | D:7      | Noticed a hornet
  7409 | D:7      | Reached skill level 5 in Stealth
  7409 | D:7      | Killed a hornet
  7410 | D:7      | Reached skill level 8 in Earth Magic
  7410 | D:7      | Reached XP level 10. HP: 15/56 MP: 5/18
  7704 | D:8      | Noticed Prince Ribbit
  7709 | D:8      | Killed Prince Ribbit
  8057 | D:8      | Found a sacrificial altar of Ru.
  8255 | D:8      | Noticed a two-headed ogre
  8264 | D:8      | Killed a two-headed ogre
  8464 | D:8      | Noticed Maurice
  8471 | D:8      | Killed Maurice
  8943 | D:9      | Identified the amulet "Ivvunug" {Faith Int+2}
  8957 | D:9      | Noticed an orange demon
  8958 | D:9      | Noticed Amaemon
  8962 | D:9      | Killed an orange demon
  8963 | D:9      | Reached skill level 9 in Earth Magic
  8969 | D:9      | Noticed Erolcha
  8970 | D:9      | Killed Amaemon
  8971 | D:9      | Reached XP level 11. HP: 61/61 MP: 1/20
  8988 | D:9      | Killed Erolcha
  8997 | D:9      | Learned a level 4 spell: Petrify
  9081 | D:9      | Identified the +3 dagger "Ogudil" {heavy, rN+ MP+9 Str+2}
  9248 | Temple   | Entered the Ecumenical Temple
  9434 | Temple   | Became a worshipper of Gozag Ym Sagoz the Greedy
  9498 | D:9      | Noticed Gastronok
  9510 | D:9      | Killed Gastronok
  9664 | D:9      | Found a staircase to the Lair.
  9945 | D:9      | Found a staircase to the Orcish Mines.
 10633 | D:9      | Reached skill level 5 in Armour
 10654 | D:10     | Entered Level 10 of the Dungeon
 10785 | D:10     | Reached skill level 5 in Fighting
 10785 | D:10     | Reached skill level 10 in Earth Magic
 12162 | D:11     | Noticed a cyan ugly thing
 12285 | D:11     | Reached XP level 12. HP: 62/68 MP: 23/23
 12407 | D:11     | Reached skill level 5 in Dodging
 12933 | D:11     | Reached skill level 5 in Staves
 13011 | D:11     | Found a white marble altar of Elyvilon.
 13658 | D:12     | Noticed a boulder beetle
 13670 | D:12     | Killed a boulder beetle
 13869 | D:12     | Noticed a two-headed ogre
 13875 | D:12     | Killed a two-headed ogre
 13891 | D:12     | Reached skill level 11 in Earth Magic
 14095 | D:12     | Noticed a two-headed ogre
 14102 | D:12     | Killed a two-headed ogre
 14103 | D:12     | Reached skill level 5 in Transmutations
 14631 | D:12     | Noticed Kirke
 14638 | D:12     | Killed Kirke
 15000 | D:12     | Got the Atlas of Peregrination
 15257 | D:12     | Learned a level 2 spell: Blink
 15263 | D:12     | Learned a level 5 spell: Irradiate
 15277 | D:12     | Reached skill level 5 in Evocations
 15279 | D:12     | Annihilated by a very large slime creature

Illustrated notes

Levels and vault maps discovered:
D:1:      ncdulo_halloftheorcs, layout_basic, hex_intersection
D:2:      layout_basic
D:3:      layout_loops_corners, serial_shops,
          nicolae_shop_temple_entry_statues_fountains, nicolae_wormholes,
          uniq_natasha, uniq_grinder
D:4:      layout_cave_pools, serial_shops, shop, hellmonk_ghost_happy_afterlife
D:5:      layout_loops_corners, nicolae_overflow_two_pavilions
D:6:      layout_basic, st_stairs_1, uniq_maggie
D:7:      layout_loops_ring, minmay_temple_entry_from_below_a,
          serial_bayou_pond_b, dk_vineyard_2, st_stairs_9
D:8:      layout_basic, nicolae_overflow_crystal_walls, uniq_maurice,
          uniq_prince_ribbit1
D:9:      layout_big_octagon, lair_entry_dummy,
          kennysheep_orc_monster_closet_entryway, kennysheep_generic_room_5,
          uniq_erolcha, uniq_amaemon, uniq_gastronok
D:10:     layout_layer_cave, kennysheep_generic_room_15
D:11:     layout_basic, elyvilon_altar_4
D:12:     minmay_inner_zag, layout_basic, uniq_kirke
Temple:   nicolae_temple_bog_church

Skill      XL: |  1  2  3  4  5  6  7  8  9 10 11 12 |
---------------+-------------------------------------+-----
Transmutations | 1 2 3 4 5 |  5.2
Earth Magic    | 4 5 6 8 9 10 11 | 11.4
Conjurations   | 1 2 3 4 5 6 8 9 |  9.3
Dodging        | 2 3 4 5 |  5.5
Stealth        | 3 4 5 6 |  6.0
Spellcasting   | 3 4 5 6 7 8 |  8.3
Armour         | 1 2 3 4 5 6 |  6.2
Fighting       | 1 2 3 4 5 6 |  6.2
Staves         | 1 3 4 5 |  5.5
Evocations     | 1 2 3 4 5 |  5.0

Action                     |  1- 3 |  4- 6 |  7- 9 | 10-12 || total
---------------------------+-------+-------+-------+-------++-------
  Melee: Staff             |       |       |    10 |     3 ||    13
         Punch             |       |       |     1 |       ||     1
         Unarmed           |       |       |     3 |       ||     3
   Cast: Sandblast         |    49 |    51 |   171 |   226 ||   497
         Stone Arrow       |       |     4 |    22 |   152 ||   178
  Evoke: Wand              |       |     1 |     3 |    15 ||    19
    Use: Potion            |       |     1 |     2 |     4 ||     7
         Scroll            |       |       |       |    19 ||    19
 Armour: Robe              |     2 |     2 |    22 |       ||    26
         Steam dragon scal |       |       |    23 |   115 ||   138
  Dodge: Dodged            |     9 |     9 |    62 |   156 ||   236

Table legend: (Time is in decaauts)
 A = Elapsed time spent in this place.
 B = Non-inter-level travel time spent in this place.
 C = Inter-level travel time spent in this place.
 D = Time resting spent in this place.
 E = Time spent auto-exploring this place.
 F = Levels seen in this place.
 G = Mean time per level.
                   A        B        C        D        E       F      G
               +--------+--------+--------+--------+--------+-----+--------+
         Total |  15543 |  14898 |    645 |   1241 |  11534 |  13 | 1195.6 |
       Dungeon |  15336 |  14715 |    621 |   1241 |  11375 |  12 | 1278.0 |
        Temple |    206 |    183 |     23 |      0 |    158 |   1 |  206.0 |
               +--------+--------+--------+--------+--------+-----+--------+

Top non-repeatable levels by time:
    D:12: 1662 daAuts
    D:11: 1560 daAuts
     D:9: 1547 daAuts
    D:10: 1488 daAuts
     D:8: 1283 daAuts
     D:3: 1227 daAuts
     D:6: 1218 daAuts
     D:7: 1199 daAuts
     D:1: 1163 daAuts
     D:5: 1144 daAuts
     D:2: 963 daAuts
     D:4: 878 daAuts
  Temple: 206 daAuts
